 Dungeon Crawl Stone Soup version 0.30.1-3-gfc49f6343a (webtiles) character file.

Game seed: 9653152499777081389

1193 Cheops the Basher (level 8, 0/64 HPs)
             Began as a Minotaur Fighter on July 17, 2023.
             Slain by a gnoll
             ... wielding a +0 halberd
              (3 damage)
             ... on level 6 of the Dungeon on July 18, 2023.
             The game lasted 00:10:47 (5500 turns).

Cheops the Basher (Minotaur Fighter)                Turns: 5500, Time: 00:10:48

Health: 0/64       AC: 12    Str: 24    XL:     8   Next: 20%
Magic:  7/7        EV:  6    Int:  5    God:
Gold:   333        SH:  4    Dex:  9    Spells: 7/7 levels left

rFire   . . .        a - +0 flail
rCold   . . .        c - +0 buckler
rNeg    + . .        s - +0 plate armour
rPois   .            (helmet restricted)
rElec   .            x - +0 cloak
rCorr   .            (no gloves)
SInv    .            (no boots)
Will    .....        (no amulet) Stlth
                     i - ring of positive energy
HPRegen 0.30/turn    (no ring)
MPRegen 0.10/turn

%: no passive effects
@: no status effects
A: horns 2, retaliatory headbutt
a: no special abilities


You were on level 6 of the Dungeon.
You visited 1 branch of the dungeon, and saw 6 of its levels.

You collected 366 gold pieces.
You spent 33 gold pieces at shops.

Inventory:

Hand Weapons
 a - a +0 flail (weapon)
Armour
 b - a +0 scale mail
 c - a +0 buckler (worn)
 s - a +0 plate armour (worn)
 x - a +0 cloak (worn)
Jewellery
 i - a ring of positive energy (left hand)
 w - an amulet of faith
Wands
 d - a wand of flame (26)
 e - a wand of digging (4)
 q - a wand of roots (26)
 y - a wand of light (5)
Scrolls
 f - 5 scrolls of teleportation
 h - 2 scrolls of enchant armour {unknown}
 l - 2 scrolls of enchant weapon
 m - a scroll of immolation
 o - a scroll of butterflies
 t - a scroll of magic mapping
 u - a scroll of torment
 z - a scroll of blinking {unknown}
Potions
 g - a potion of degeneration {unknown}
 j - 4 potions of curing
 k - a potion of lignification {unknown}
 n - 2 potions of resistance {unknown}
 p - a potion of flight {unknown}
 r - 2 potions of mutation {unknown}
 v - 2 potions of attraction {unknown}


   Skills:
 - Level 3.6 Fighting
 * Level 11.4 Maces & Flails
 - Level 3.6 Armour
 - Level 3.6 Shields
 + Level 2.2 Evocations


You had 7 spell levels left.
You didn't know any spells.
Your spell library contained the following spells:

 Spells                   Type           Power      Damage    Failure   Level
 Freeze                   Ice            0%         1d3       100%        1
 Magic Dart               Conj           0%         1d3       100%        1
 Necrotise                Necr           0%         1d4       100%        1
 Searing Ray              Conj           0%         2d4       100%        2
 Frozen Ramparts          Ice            0%         1d1       100%        3
 Hailstorm                Conj/Ice       0%         3d3       100%        3
 Portal Projectile        Hex/Tloc       0%         N/A       100%        3
 Summon Guardian Golem    Hex/Summ       0%         N/A       100%        3
 Tukima's Dance           Hex            0%         N/A       100%        3
 Fulminant Prism          Conj/Hex       0%         3d5       100%        4
 Ice Form                 Ice/Tmut       0%         N/A       100%        4
 Agony                    Necr           0%         N/A       100%        5
 Blade Hands              Tmut           0%         N/A       100%        5
 Simulacrum               Ice/Necr       0%         N/A       100%        6
 Dragon's Call            Summ           0%         N/A       100%        9


Dungeon Overview and Level Annotations

Branches:
Dungeon (6/15)
 Temple: D:4-7

Altars:
Xom
Yredelemnul

Shops:
D:5 !


Innate Abilities, Weirdness & Mutations

You have a pair of horns on your head.
You reflexively headbutt those who attack you in melee.


Message History

You are too injured to fight recklessly!
You are too injured to fight recklessly!
You are too injured to fight recklessly!
You are too injured to fight recklessly!
You are too injured to fight recklessly!
You are too injured to fight recklessly!
You are too injured to fight recklessly!
You are too injured to fight recklessly!
You are too injured to fight recklessly!
You barely miss the gnoll. The gnoll hits you with a +0 spear.
The gnoll hits you from afar with a +0 halberd.
You barely miss the gnoll. The gnoll hits you with a +0 spear.
* * * LOW HITPOINT WARNING * * *
The gnoll hits you from afar with a +0 halberd.
* * * LOW HITPOINT WARNING * * *
You closely miss the gnoll. The gnoll hits you but does no damage.
The gnoll hits you from afar with a +0 halberd!
* * * LOW HITPOINT WARNING * * *
You barely miss the gnoll. The gnoll hits you with a +0 spear.
* * * LOW HITPOINT WARNING * * *
The gnoll closely misses you.
You sock the gnoll! Your headbutt misses the gnoll.
The gnoll is severely wounded.
You barely miss the gnoll.
The gnoll is severely wounded.
The gnoll hits you but does no damage.
The gnoll hits you from afar with a +0 halberd!
* * * LOW HITPOINT WARNING * * *
You sock the gnoll!
You kill the gnoll!
The gnoll hits you from afar with a +0 halberd!
* * * LOW HITPOINT WARNING * * *
You block the gnoll's attack.
The gnoll hits you from afar with a +0 halberd.
* * * LOW HITPOINT WARNING * * *
Things that are here:
a +0 spear; a gnoll corpse You barely miss the gnoll.
The gnoll barely misses you.
The gnoll hits you from afar with a +0 halberd.
You die...

#.# g....# #.#
g...# #.# .g. #.#
#g# #.# #.# #.##
#.# #..## ##.#
#...##########..#
#......)@ggg....#
#################


You could see 3 gnolls.

Vanquished Creatures
  Sigmund (D:4)
  Menkaure (D:6)
  A black bear (D:4)
  A phantom (D:4)
  A bullfrog (D:5)
  A gnoll sergeant (D:6)
  2 scorpions (D:5)
  A howler monkey (D:4)
  4 hounds
  A gnoll bouda (D:5)
  A jelly (D:4)
  Ijyb (D:4)
  Terence (D:2)
  An iguana (D:4)
  A sleepcap (D:5)
  An orc wizard (D:4)
  7 gnolls
  3 adders
  A white imp (D:5)
  A worm (D:4)
  2 dart slugs
  15 orcs
  An endoplasm (D:1)
  6 giant cockroaches
  2 goblins
  2 hobgoblins
  3 kobolds
  6 quokkas
  4 ball pythons
  3 bats
  A rat (D:2)
77 creatures vanquished.

Notes
Turn   | Place    | Note
-------+----------+-------------------------------------------
     0 | D:1      | Cheops the Minotaur Fighter began the quest for the Orb.
     0 | D:1      | Reached XP level 1. HP: 19/19 MP: 0/0
     0 | D:1      | Upgraded the game from 0.30.1-1-g62c8e00024 to
                  | 0.30.1-3-gfc49f6343a
    19 | D:1      | Found a faded altar of an unknown god.
   130 | D:1      | Reached skill level 3 in Maces & Flails
   234 | D:1      | Reached XP level 2. HP: 26/26 MP: 1/1
   892 | D:2      | Reached skill level 4 in Maces & Flails
  1012 | D:2      | Reached XP level 3. HP: 30/31 MP: 2/2
  1024 | D:2      | Noticed Terence
  1165 | D:2      | HP: 1/31 [Terence/+2 falchion of electrocution (2)]
  1168 | D:2      | Killed Terence
  1169 | D:2      | Reached skill level 5 in Maces & Flails
  2241 | D:3      | Reached XP level 4. HP: 39/39 MP: 3/3
  2837 | D:4      | Found a basalt altar of Yredelemnul.
  2886 | D:4      | Reached skill level 6 in Maces & Flails
  2942 | D:4      | Reached XP level 5. HP: 37/45 MP: 4/4
  2990 | D:4      | Noticed Sigmund
  2998 | D:4      | Killed Sigmund
  2999 | D:4      | Reached skill level 7 in Maces & Flails
  2999 | D:4      | Reached XP level 6. HP: 27/51 MP: 5/5
  3017 | D:4      | Reached skill level 8 in Maces & Flails
  3256 | D:4      | Noticed Ijyb
  3267 | D:4      | Killed Ijyb
  3309 | D:4      | Got the Incunable of Too Many Cooks
  3971 | D:5      | Entered Level 5 of the Dungeon
  4043 | D:4      | Reached skill level 9 in Maces & Flails
  4095 | D:4      | Reached XP level 7. HP: 3/57 MP: 6/6
  4339 | D:5      | Reached skill level 10 in Maces & Flails
  4538 | D:5      | Found Qiri's Distillery.
  4546 | D:5      | Bought a potion of curing for 33 gold pieces
  4780 | D:5      | Found a shimmering altar of Xom.
  4978 | D:6      | Reached skill level 11 in Maces & Flails
  4993 | D:6      | Reached skill level 1 in Evocations
  5073 | D:6      | Noticed Menkaure
  5116 | D:6      | Killed Menkaure
  5117 | D:6      | Reached XP level 8. HP: 46/64 MP: 7/7
  5499 | D:6      | HP: 2/64 [gnoll/+0 halberd (6)]
  5500 | D:6      | Slain by a gnoll

Illustrated notes

Levels and vault maps discovered:
D:1:      dpeg_arrival_fog, layout_basic, shapermc_ecumenical_altar_pompeii,
          minmay_pentomino_p2
D:2:      layout_basic, kennysheep_generic_room_8, uniq_terence
D:3:      layout_loops_ring, minivault_4, minmay_gold_behind_fungi,
          kennysheep_small_spiral
D:4:      layout_basic, old_standard_altar, uniq_ijyb, uniq_sigmund
D:5:      layout_rooms, nicolae_overflow_crystal_walls, serial_shops, shop
D:6:      layout_cave_pods, kennysheep_mini_moat,
          minmay_temple_entry_antechambers, serial_shops, nicolae_shop_crystal,
          shop_fountains, nicolae_shop_tiny_statue_garden, serial_gnoll_camp,
          gnoll_camp_mini_loothouse, gnoll_camp_huts_basic,
          gnoll_camp_mini_basic, gnoll_camp_mini_hut, gnoll_camp_medium_02,
          uniq_menkaure

Skill      XL: |  1  2  3  4  5  6  7  8 |
---------------+-------------------------+-----
Maces & Flails | 3 4 5 6 7 9 11 | 11.4
Evocations     | 1 2 |  2.2
Fighting       | |  3.6
Armour         | |  3.6
Shields        | |  3.6

Action                     |  1- 3 |  4- 6 |  7- 9 || total
---------------------------+-------+-------+-------++-------
  Melee: Flail             |    53 |   106 |    97 ||   256
         Headbutt          |     5 |    12 |    18 ||    35
    Use: Potion            |     1 |     1 |     1 ||     3
         Scroll            |       |       |     6 ||     6
 Armour: Scale mail        |    19 |     7 |       ||    26
         Plate armour      |       |    62 |    44 ||   106
  Dodge: Dodged            |    25 |    41 |    31 ||    97
  Block: Buckler           |    12 |    22 |    11 ||    45
